 Dungeon Crawl Stone Soup version 0.23-a0-643-g9ccc95a (webtiles) character file.

1559 zishaf the Arsonist (level 8, 0/41 HPs)
             Began as a Deep Elf Fire Elementalist on Jan 1, 2019.
             Was a Believer of Qazlal.
             Killed from afar by an orc wizard (4 damage)
             ... with a magic dart
             ... on level 6 of the Dungeon.
             The game lasted 00:13:05 (6621 turns).

zishaf the Arsonist (Deep Elf Fire Elementalist)    Turns: 6621, Time: 00:13:06

Health: 0/41       AC:  4    Str:  5    XL:     8   Next: 58%
Magic:  20/23      EV: 14    Int: 23    God:    Qazlal [**....]
Gold:   506        SH:  0    Dex: 15    Spells: 2/13 levels left

rFire    . . .     SeeInvis .   n - +1 spear (pierce)
rCold    . . .     Gourm    .   (no shield)
rNeg     . . .     Faith    .   A - +0 leather armour {MR+}
rPois    .         Spirit   .   (no helmet)
rElec    .         Reflect  .   (no cloak)
rCorr    +         Harm     .   (no gloves)
MR       +....                  r - +0 pair of boots
Stlth    +.........             (no amulet)
HPRegen  0.13/turn              m - ring of magical power
MPRegen  0.18/turn              y - ring of resist corrosion

@: confused
A: no striking features
a: Upheaval, Renounce Religion


You were on level 6 of the Dungeon.
You worshipped Qazlal.
Qazlal was pleased with you.
You were hungry.

You visited 1 branch of the dungeon, and saw 6 of its levels.

You collected 506 gold pieces.

Inventory:

Hand Weapons
 n - a +1 spear of piercing (weapon)
Armour
 r - a +0 pair of boots (worn)
 A - a +0 leather armour of magic resistance (worn)
Jewellery
 m - a ring of magical power (left hand)
 y - a ring of resist corrosion (right hand)
Wands
 z - a wand of disintegration (6)
Scrolls
 a - a scroll of fear {unknown}
 b - 3 scrolls of amnesia {unknown}
 e - 9 scrolls of identify {unknown}
 f - 2 scrolls of enchant weapon {unknown}
 i - 7 scrolls of remove curse {unknown}
 k - 2 scrolls of teleportation {unknown}
 o - 2 scrolls of blinking {unknown}
 q - a scroll of enchant armour {unknown}
 s - a scroll of fog {unknown}
 w - a scroll of magic mapping {unknown}
 x - a scroll of immolation {unknown}
Potions
 d - a potion of berserk rage {unknown}
 g - a potion of flight {unknown}
 h - a potion of experience {unknown}
 j - 2 potions of cancellation {unknown}
 l - a potion of might {unknown}
 p - a potion of agility {unknown}
 t - a potion of magic {unknown}
 u - a potion of lignification {unknown}
 v - a potion of curing
 C - a potion of invisibility {unknown}
Comestibles
 c - 7 rations


   Skills:
 + Level 6.2 Dodging
 - Level 2.4 Stealth
 - Level 3.0 Spellcasting
 * Level 7.5 Conjurations
 * Level 8.2 Fire Magic


You had 2 spell levels left.
You knew the following spells:

 Your Spells              Type           Power        Failure   Level  Hunger
a - Flame Tongue          Conj/Fire      #####        1%          1    None
b - Throw Flame           Conj/Fire      #####.       1%          2    ##.....
c - Conjure Flame         Conj/Fire      #####...     2%          3    ###....
d - Fireball              Conj/Fire      #####.....   22%         5    ######.

Your spell library contained the following spells:

 Spells                   Type           Power        Failure   Level  Hunger
 Sticky Flame             Conj/Fire      #####...     8%          4    ####...
 Inner Flame              Hex/Fire       ###.....     11%         3    ###....


Dungeon Overview and Level Annotations

Branches:
Dungeon (6/15)             Temple (0/1) D:5

Altars:
Ashenzari
Hepliaklqana
Makhleb
Okawaru
Qazlal
Vehumet
Wu Jian
The Shining One

Shops:
D:5 }

Annotations:
D:5 3 runed doors, mjk6000's ghost, novice TrFi; woundedspider's ghost, novice MiBe


Message History

Press: ? - help, Shift-Dir - straight line, f/p - orc warrior
Aim: an orc warrior, wielding a +0 war axe and wearing a +0 plate armour The flame tongue hits the orc warrior.
The orc warrior is moderately wounded.
The orc wizard hits you with a +0 dagger.
The orc warrior hits you with a +0 war axe!
* * * LOW HITPOINT WARNING * * *
The orc wizard hits you with a +0 dagger.
* * * LOW HITPOINT WARNING * * *
The orc wizard gestures wildly while chanting.
The orc wizard flickers and vanishes!
Deactivating autopickup; reactivate with Ctrl-A.
You hear some strange, mumbled words.
You are confused.
A magic dart appears from out of thin air!
The magic dart hits you!
* * * LOW HITPOINT WARNING * * *
A magic dart appears from out of thin air!
The magic dart hits you!
You die...

### ### ..# #.. #.# #.#
##### #.# #.# #...####.# #.#
###.#.#....# #<#
.####...#......###.#
..................#
#..#.♣.♣.#.#@####### #
#..........#........ #
#..♣.♣.♣.♣.o.####### # #
#...._......# #. #
#.♣.♣.♣.♣.#.#### #.. #
#.........#....###...... #
#.#.♣.♣.#.......)..##..#>###
#.........####.##..##......)
# ####........>#.# ##.##.##.


You could see an orc warrior.

Vanquished Creatures
  A water moccasin (D:6)
  2 phantoms
  4 ogres
  Blork the orc (D:5)
  2 bullfrogs (D:6)
  A vampire bat (D:3)
  A bullfrog zombie (D:6)
  A crimson imp (D:6)
  A hound (D:5)
  A jelly (D:5)
  An orc priest (D:3)
  A bullfrog skeleton (D:6)
  An iguana (D:4)
  6 orc wizards
  4 worker ants
  A hound zombie (D:5)
  A hound skeleton (D:5)
  3 adders
  4 gnolls
  A shadow imp (D:6)
  An ooze (D:3)
  2 adder zombies (D:5)
  4 worms
  A dart slug (D:1)
  3 leopard geckos
  22 orcs
  4 giant cockroaches
  8 goblins
  4 hobgoblins
  14 jackals
  A ball python skeleton (D:4)
  18 bats
  5 frilled lizards
  6 kobolds
  5 rats
136 creatures vanquished.

Vanquished Creatures (others)
  6 withered plants (D:5)
6 creatures vanquished.

Grand Total: 142 creatures vanquished

Notes
Turn   | Place    | Note
-------+----------+-------------------------------------------
     0 | D:1      | zishaf the Deep Elf Fire Elementalist began the quest for
                  | the Orb.
     0 | D:1      | Reached XP level 1. HP: 10/10 MP: 6/6
   108 | D:1      | Reached XP level 2. HP: 12/15 MP: 0/8
   877 | D:2      | Reached XP level 3. HP: 19/19 MP: 6/9
   881 | D:2      | Learned a level 2 spell: Throw Flame
   885 | D:2      | Learned a level 3 spell: Conjure Flame
  1155 | D:2      | Reached skill level 4 in Fire Magic
  1254 | D:2      | Found a glowing golden altar of the Shining One.
  1877 | D:3      | Found a burning altar of Makhleb.
  1888 | D:3      | Reached XP level 4. HP: 13/24 MP: 10/10
  2432 | D:3      | Found a stormy altar of Qazlal.
  2490 | D:3      | Became a worshipper of Qazlal Stormbringer
  2504 | D:3      | Reached XP level 5. HP: 28/28 MP: 11/11
  2634 | D:3      | Reached skill level 5 in Fire Magic
  2704 | D:3      | Found a radiant altar of Vehumet.
  2750 | D:4      | Found a hazy altar of Hepliaklqana.
  3449 | D:4      | Found an ornate altar of the Wu Jian Council.
  3489 | D:4      | Noticed an ogre
  3496 | D:4      | Killed an ogre
  3496 | D:4      | Reached XP level 6. HP: 31/32 MP: 11/12
  3589 | D:4      | Reached * piety under Qazlal
  3590 | D:4      | Found a shattered altar of Ashenzari.
  3926 | D:4      | Reached skill level 5 in Conjurations
  3926 | D:4      | Reached skill level 6 in Fire Magic
  3974 | D:4      | Reached XP level 7. HP: 31/36 MP: 13/13
  4010 | D:4      | Learned a level 5 spell: Fireball
  4152 | D:5      | Entered Level 5 of the Dungeon
  4152 | D:5      | Found a runed gate.
  4155 | D:5      | Found a runed gate.
  4156 | D:5      | Found a runed gate.
  4156 | D:5      | Noticed mjk6000's ghost (novice TrFi)
  4190 | D:5      | Noticed Blork the orc
  4202 | D:5      | Killed Blork the orc
  4314 | D:5      | Noticed woundedspider's ghost (novice MiBe)
  4667 | D:5      | Reached skill level 5 in Dodging
  4872 | D:5      | Found Naog's Gadget Shop.
  4958 | D:5      | Found a staircase to the Ecumenical Temple.
  5010 | D:5      | Reached skill level 7 in Fire Magic
  5459 | D:6      | Reached XP level 8. HP: 41/41 MP: 14/14
  5477 | D:6      | Reached ** piety under Qazlal
  5695 | D:6      | Found an iron altar of Okawaru.
  6192 | D:6      | Reached skill level 8 in Fire Magic
  6621 | D:6      | Killed from afar by an orc wizard

Vault maps used:
D:1:      tarquinn_simple_flora_water_b
D:2:      nicolae_tso_carved_into_rock
D:3:      grunt_temple_overflow_lords_of_destruction, roderic_batcave,
          grunt_qazlal_sundering
D:4:      kennysheep_mini_moat, lemuel_doored_altar, first_ration,
          evilmike_ruin_ashenzari
D:5:      minmay_temple_entry_sparse_star, gammafunk_ghost_cemetery,
          serial_shops, shop, uniq_blork_the_orc
D:6:      okawaru_trees_1

Skill      XL: |  1  2  3  4  5  6  7  8 |
---------------+-------------------------+-----
Conjurations   | 2 3 4 5 6 7 |  7.5
Fire Magic     | 4 5 6 7 8 |  8.2
Dodging        | 3 4 5 6 |  6.2
Stealth        | |  2.4
Spellcasting   | |  3.0

Action                   |  1- 3 |  4- 6 |  7- 9 || total
-------------------------+-------+-------+-------++-------
Melee: Unarmed           |     4 |     1 |       ||     5
       Spear             |       |     6 |    74 ||    80
 Cast: Flame Tongue      |    91 |   115 |   119 ||   325
       Conjure Flame     |       |     2 |     1 ||     3
       Throw Flame       |       |     1 |       ||     1
  Use: Potion            |       |       |     1 ||     1
  Eat: Chunk             |     3 |     6 |     8 ||    17
Armor: Robe              |     8 |    32 |     1 ||    41
       Leather armour    |       |       |    25 ||    25
Dodge: Dodged            |    50 |    70 |    70 ||   190
Block: Other             |       |       |     4 ||     4

Table legend:
 A = Non-vault XP
 B = Vault XP
 C = Vault XP percentage of total XP
 D = Non-vault monster count
 E = Vault monster count
 F = Vault count percentage of total count
                 A         B        C        D         E       F
            +---------+---------+-------+---------+---------+-------
      Total |    2070 |     158 |   7.1 |     127 |       9 |   6.6
            +---------+---------+-------+---------+---------+-------
        D:1 |      40 |       0 |   0.0 |      24 |       0 |   0.0
        D:2 |      24 |       0 |   0.0 |      13 |       0 |   0.0
        D:3 |     143 |      67 |  31.9 |      30 |       8 |  21.1
        D:4 |     484 |       0 |   0.0 |      24 |       0 |   0.0
        D:5 |     420 |      91 |  17.8 |      14 |       1 |   6.7
        D:6 |     959 |       0 |   0.0 |      22 |       0 |   0.0
            +---------+---------+-------+---------+---------+-------
